 Dungeon Crawl Stone Soup version 0.27-a0-1200-g94dc6ad4cf (webtiles) character file.

Game seed: 6062431307303624232

240 pokeman the Magician (level 5, -13/29 HPs)
             Began as a Deep Elf Hedge Wizard on May 30, 2021.
             Was a Follower of Vehumet.
             Mangled by a cyclops (glowing shapeshifter) (14 damage)
             ... on level 3 of the Dungeon.
             The game lasted 00:09:58 (4515 turns).

pokeman the Magician (Deep Elf Hedge Wizard)        Turns: 4515, Time: 00:09:59

Health: -13/29     AC:  4    Str:  7    XL:     5   Next: 79%
Magic:  5/16       EV:  9    Int: 20    God:    Vehumet [*.....]
Gold:   60         SH:  0    Dex: 14    Spells: 5/17 levels left

rFire    + . .     SeeInvis .   n - +4 quarterstaff (chaos)
rCold    . . .     Faith    .   (shield currently unavailable)
rNeg     . . .     Spirit   .   p - +0 leather armour
rPois    .         Reflect  .   c - +0 hat
rElec    .         Harm     .   o - +0 cloak
rCorr    .         Rampage  .   (no gloves)
Will     .....                  (no boots)
Stlth    ++........             (no amulet)
HPRegen  0.09/turn              j - ring of protection from fire
MPRegen  0.15/turn              (no ring)

@: very slightly contaminated, constricted
A: no striking features
a: Renounce Religion


You were on level 3 of the Dungeon.
You worshipped Vehumet.
Vehumet was aware of your devotion.
You visited 1 branch of the dungeon, and saw 3 of its levels.
You also visited: Sewer.

You collected 60 gold pieces.

Inventory:

Hand Weapons
 n - a +4 quarterstaff of chaos (weapon)
Missiles
 m - 18 bolts
Armour
 a - a +0 tower shield
 c - a +0 hat (worn)
 o - a +0 cloak (worn)
 p - a +0 leather armour (worn)
Jewellery
 j - a ring of protection from fire (left hand)
 q - an amulet of guardian spirit
Wands
 v - a wand of iceblast (2)
Scrolls
 b - a scroll of teleportation {unknown}
 d - a scroll of brand weapon {unknown}
 e - a scroll of enchant armour {unknown}
 f - a scroll of identify {unknown}
 g - 2 scrolls of magic mapping {unknown}
 s - 3 scrolls of fear {unknown}
 t - a scroll of blinking {unknown}
 u - a scroll of fog {unknown}
Potions
 h - a potion of invisibility {unknown}
 i - a potion of resistance {unknown}
 k - 3 potions of lignification {unknown}
 l - a potion of magic {unknown}
 r - 2 potions of curing {unknown}


   Skills:
 - Level 1.0 Fighting
 - Level 1.0 Armour
 - Level 3.0 Dodging
 - Level 3.0 Stealth
 - Level 1.0 Shields
 * Level 6.5 Spellcasting
 + Level 2.9 Conjurations
 - Level 1.1 Summonings
 - Level 1.1 Translocations
 + Level 0.8 Fire Magic
 + Level 0.4 Poison Magic


You had 5 spell levels left.
You knew the following spells:

 Your Spells              Type           Power      Damage    Failure   Level
a - Magic Dart            Conj           72%        1d6       4%          1
b - Mephitic Cloud        Conj/Pois/Air  11%        N/A       26%         3
c - Call Imp              Summ           11%        N/A       14%         2
d - Blink                 Tloc           N/A        N/A       14%         2
e - Conjure Flame         Conj/Fire      14%        6-21      21%         3
f - Foxfire               Conj/Fire      56%        2x1d6     7%          1

Your spell library contained the following spells:

 Spells                   Type           Power      Damage    Failure   Level
 Slow                     Hex            6%         N/A       22%         2


Dungeon Overview and Level Annotations

Branches:
Dungeon (3/15)              Sewer (visited)

Altars:
Dithmenos
Elyvilon
Okawaru
Sif Muna
Vehumet
Xom


Message History

You conjure some foxfire!
Unknown command.
You hit the ice beast.
The ice beast changes into a glowing shapeshifter!
The glowing shapeshifter is moderately wounded.
The glowing shapeshifter changes into a cyclops!
The foxfire hits the cyclops but does no damage.
The cyclops is moderately wounded.
The foxfire hits the cyclops.
The cyclops is moderately wounded.
The foxfire hits the cyclops but does no damage.
The cyclops is moderately wounded.
The foxfire hits the cyclops.
The cyclops is heavily wounded.
Unknown command.
Casting: Foxfire (safe; 7% risk of failure)
Confirm with . or Enter, or press ? or * to list all spells.
You conjure some foxfire!
The ball python bites you. The ball python grabs you.
The ball python constricts you.
Unknown command.
Unknown command.
Casting: Foxfire (safe; 7% risk of failure)
Confirm with . or Enter, or press ? or * to list all spells.
You miscast Blink.
Nothing appears to happen.
The foxfire hits the cyclops.
The cyclops is heavily wounded.
The foxfire hits the cyclops.
The cyclops is severely wounded.
The ball python completely misses you. The ball python constricts you.
The cyclops hits you!!
Ouch! That really hurt!
* * * LOW HITPOINT WARNING * * *
The ball python completely misses you.
* * * LOW HITPOINT WARNING * * *
The ball python constricts you.
Casting: Blink (safe; 14% risk of failure)
Confirm with . or Enter, or press ? or * to list all spells.
You miscast Blink.
Nothing appears to happen.
The ball python bites you but does no damage.
The ball python constricts you. The cyclops hits you!
You die...

. .. ## #.#.. .. #.#.. #.
#.#.# #( #.#.# ######.###
#.#.#
#.....C@.#########.#.##.
#.###.S.ยง..........#....
#..#.###............
#..........###.#####
#..#.###.#.# #.# #......#
#.#.# #.# #.#..###
#.#.###.##### ......
............. .....
.............


You could see a cyclops shaped shifter and a ball python.

Vanquished Creatures
  Crazy Yiuf (D:2)
  Jessica (D:2)
  Ijyb (D:3)
  7 adders
  2 river rats (D:3)
  A worm (D:2)
  2 dart slugs
  5 orcs (D:3)
  4 ball pythons
  4 bats
  3 endoplasms
  A goblin (D:1)
  7 hobgoblins
  7 jackals
  6 frilled lizards
  9 kobolds
  10 rats
71 creatures vanquished.

Vanquished Creatures (collateral kills)
  A worm (D:3)
  3 orcs (D:3)
4 creatures vanquished.

Vanquished Creatures (others)
  32 foxfires (D:3)
  12 plants (Sewer)
44 creatures vanquished.

Grand Total: 119 creatures vanquished

Notes
Turn   | Place    | Note
-------+----------+-------------------------------------------
     0 | D:1      | pokeman the Deep Elf Hedge Wizard began the quest for the
                  | Orb.
     0 | D:1      | Reached XP level 1. HP: 10/10 MP: 7/7
   568 | D:1      | Reached XP level 2. HP: 15/15 MP: 7/9
  1609 | D:2      | Noticed Jessica
  1619 | D:2      | Killed Jessica
  1620 | D:2      | Reached skill level 5 in Spellcasting
  1620 | D:2      | Reached XP level 3. HP: 20/20 MP: 3/11
  1818 | D:2      | Reached skill level 1 in Fighting
  1818 | D:2      | Reached skill level 1 in Armour
  1877 | D:2      | Found a shimmering blue altar of Sif Muna.
  2028 | D:2      | Reached XP level 4. HP: 25/25 MP: 7/13
  2032 | D:2      | Learned a level 3 spell: Mephitic Cloud
  2035 | D:2      | Learned a level 2 spell: Call Imp
  2038 | D:2      | Learned a level 2 spell: Blink
  2042 | D:2      | Learned a level 3 spell: Conjure Flame
  2399 | D:2      | Found a faded altar of an unknown god.
  2513 | D:2      | Found a runed translucent door.
  2514 | D:2      | Noticed Crazy Yiuf
  2525 | D:2      | Killed Crazy Yiuf
  2927 | D:3      | Found a shimmering altar of Xom.
  2927 | D:3      | Found a radiant altar of Vehumet.
  2952 | D:3      | Reached skill level 6 in Spellcasting
  2953 | D:3      | Found a white marble altar of Elyvilon.
  2955 | D:3      | Found an iron altar of Okawaru.
  2957 | D:3      | Found a shadowy altar of Dithmenos.
  2967 | D:3      | Became a worshipper of Vehumet
  3039 | D:3      | Found a glowing drain.
  3047 | D:3      | Reached XP level 5. HP: 21/29 MP: 11/15
  3063 | Sewer    | Entered a sewer
  3218 | Sewer    | Reached skill level 1 in Shields
  3412 | Sewer    | Reached * piety under Vehumet
  3412 | Sewer    | Offered knowledge of Foxfire by Vehumet.
  3415 | Sewer    | Learned a level 1 spell: Foxfire
  4085 | D:3      | Noticed Ijyb
  4093 | D:3      | Killed Ijyb
  4504 | D:3      | Noticed an ice beast
  4512 | D:3      | Noticed a glowing shapeshifter
  4512 | D:3      | an ice beast changed into a glowing shapeshifter
  4512 | D:3      | Noticed a cyclops
  4512 | D:3      | a glowing shapeshifter changed into a cyclops
  4514 | D:3      | HP: 1/29 [ball python (1)]
  4515 | D:3      | Mangled by a cyclops (glowing shapeshifter)

Illustrated notes

Levels and vault maps discovered:
D:1:      amcnicky_arrival_choice, layout_basic
D:2:      layout_basic, basic_altar, basic_ecumenical_altar, uniq_jessica,
          uniq_crazy_yiuf_cottage
D:3:      layout_basic, chequers_temple_overflow_minitemple,
          portal_sewer_entry_b, minivault_26, uniq_ijyb

Skill      XL: |  1  2  3  4  5 |
---------------+----------------+-----
Spellcasting   | 5 6 |  6.5
Fighting       | 1 |  1.0
Armour         | 1 |  1.0
Conjurations   | 2 |  2.9
Dodging        | 3 |  3.0
Shields        | 1 |  1.0
Stealth        | 3 |  3.0
Summonings     | |  1.1
Translocations | |  1.1
Fire Magic     | |  0.8
Poison Magic   | |  0.4

Action                   |  1- 3 |  4- 6 || total
-------------------------+-------+-------++-------
Melee: Dagger            |     7 |       ||     7
       Club              |     4 |     3 ||     7
       Quarterstaff      |       |    32 ||    32
 Cast: Magic Dart        |    84 |    71 ||   155
       Mephitic Cloud    |       |     3 ||     3
       Conjure Flame     |       |     1 ||     1
       Call Imp          |       |     1 ||     1
       Foxfire           |       |    17 ||    17
 Stab: Confused          |       |     1 ||     1
       Sleeping          |       |     1 ||     1
Armor: Robe              |     1 |     6 ||     7
       Leather armour    |       |     4 ||     4
Dodge: Dodged            |    10 |    26 ||    36

Table legend: (Time is in decaauts)
 A = Elapsed time spent in this place.
 B = Non-inter-level travel time spent in this place.
 C = Inter-level travel time spent in this place.
 D = Time resting spent in this place.
 E = Time spent auto-exploring this place.
 F = Levels seen in this place.
 G = Mean time per level.
                   A        B        C        D        E       F      G
               +--------+--------+--------+--------+--------+-----+--------+
         Total |   4677 |   4572 |    105 |    282 |   3559 |   4 | 1169.2 |
       Dungeon |   3581 |   3476 |    105 |    282 |   2618 |   3 | 1193.7 |
         Sewer |   1095 |   1095 |      0 |      0 |    941 |   1 | 1095.0 |
               +--------+--------+--------+--------+--------+-----+--------+

Top non-repeatable levels by time:
     D:2: 2026 daAuts
   Sewer: 1095 daAuts
     D:1: 838 daAuts
     D:3: 717 daAuts
